Map: Submarine LE

Players

ALLMIGHT

  • Race: Zerg Zerg
  • League: Master
  • Spawn Location: 11:00

BerryRAWR - Winner!

  • Race: Terran Terran
  • League: Master
  • Spawn Location: 5:00

VOD

Have the link to the VOD?

Description

Time

  • Played on: July 3, 2020, 4:10 a.m.
  • Length: 13:41
Show
View Real Time Build Order
Export as new Build Order

ALLMIGHT Zerg 

Build Orders: Hatch First 

Get SALT Encoding   

  12  0:01  Drone  
  13  0:13  Overlord  
  13  0:16  Drone  
  14  0:32  Drone x2  
  16  0:48  Hatchery  
  15  0:52  Drone  
  15  0:55  Drone  
  17  0:59  Drone  
  18  1:09  Extractor  
  17  1:13  Spawning Pool  
  17  1:17  Drone  
  17  1:20  Drone  
  18  1:28  Drone  
  19  1:39  Overlord  
  19  1:50  Drone  
  20  2:00  Queen x2  
  24  2:01  Zergling x4  
  26  2:09  Metabolic Boost  
  26  2:10  Drone  
  26  2:12  Drone  
  28  2:21  Drone  
  30  2:22  Drone  
  30  2:39  Spore Crawler  
  30  2:45  Queen  
  30  2:46  Overlord  
  30  2:47  Drone x3  
  35  3:02  Overlord  
  35  3:05  Hatchery  
  35  3:06  Drone x3  
  35  3:12  Drone x2  
  39  3:13  Drone  
  40  3:22  Drone x2  
  40  3:25  Drone x3  
  45  3:28  Queen  
  45  3:32  Drone  
  48  3:39  Drone x2  
  50  3:43  Queen  
  50  3:45  Baneling Nest  
  50  3:47  Overlord  
  51  3:54  Overlord x2  
  51  3:58  Drone  
  52  4:07  Queen  
  54  4:11  Overlord, Extractor  
  54  4:12  Zergling x8  
  57  4:18  Drone x3  
  60  4:24  Drone x3  
  60  4:30  Queen  
  65  4:33  Drone x3  
  68  4:42  Overlord  
  68  4:43  Lair  
  68  4:45  Drone x4  
  72  4:50  Overlord x2  
  72  4:56  Drone x3  
  75  5:00  Extractor  
  75  5:01  Evolution Chamber  
  75  5:03  Evolution Chamber, Drone x3  
  75  5:15  Zergling x10  
  77  5:21  Zergling x10  
  72  5:29  Zergling x8  
  67  5:38  Drone x5  
  66  5:43  Drone  
  66  5:45  Drone  
  66  5:46  Drone  
  69  5:54  Drone x2  
  69  5:58  Centrifical Hooks  
  69  5:59  Zerg Melee Weapons Level 1, Zerg Ground Armor Level 1  
  69  6:05  Drone x6  
  69  6:06  Baneling x2  
  75  6:13  Zergling x12  
  80  6:20  Drone  
  80  6:22  Drone  
  82  6:25  Queen  
  82  6:27  Zergling x8  
  82  6:32  Spore Crawler  
  87  6:33  Spore Crawler  
  87  6:34  Drone x2  
  87  6:38  Drone x3  
  91  6:42  Drone  
  91  6:43  Spore Crawler  
  91  6:44  Drone x2  
  91  6:45  Extractor  
  92  6:50  Hatchery  
  92  6:53  Overlord x2  
  91  6:56  Baneling x2  
  91  6:57  Overlord x2  
  91  7:00  Infestation Pit  
  90  7:02  Pneumatized Carapace  
  90  7:03  Overseer  
  90  7:09  Drone x5  
  96  7:15  Drone x5  
  100  7:23  Hatchery  
  99  7:33  Extractor  
  99  7:35  Baneling x11  
  98  7:37  Zergling x14  
  105  7:46  Pathogen Glands  
  105  8:09  Zergling x30  
  105  8:10  Zergling x4  
  122  8:16  Zergling x6  
  111  8:20  Zergling x6  
  111  8:23  Zergling x4  
  111  8:25  Queen  
  111  8:26  Queen x3  
  124  8:29  Baneling x6  
  116  8:36  Zergling x16  
  97  8:50  Zergling x22  
  97  9:01  Zergling x12  
  97  9:02  Zergling x2  
  79  9:13  Hive  
  79  9:20  Baneling x2  
  79  9:27  Drone x14  
  93  9:36  Zerg Ground Armor Level 2  
  93  9:37  Zerg Melee Weapons Level 2  
  93  9:50  Zergling x14  
  93  9:51  Infestor x2  
  96  10:08  Infestor x3  
  102  10:15  Overseer x2  
  102  10:19  Zergling x2  
  102  10:20  Zergling x34  
  120  10:32  Zergling x22  
  120  10:34  Baneling x7  
  126  10:42  Zergling x14  
  129  10:50  Ultralisk Cavern  
  128  10:57  Queen x2  
  128  10:58  Queen  
  128  11:01  Adrenal Glands  
  128  11:03  Drone  
  135  11:17  Zergling x12  
  135  11:18  Zergling x16  
  121  11:21  Zergling x6  
  114  11:27  Zergling x12  
  114  11:32  Zergling x6  
  110  11:38  Chitinous Plating  
  102  11:42  Baneling x2  
  92  11:51  Zergling x26  
  97  11:54  Zergling x2  
  97  11:55  Zergling x2  
  95  12:04  Zergling x2  
  95  12:05  Zergling x6  
  97  12:11  Zergling x10  
  86  12:16  Zergling x8  
  84  12:23  Zergling x8  
  84  12:30  Zergling x6  
  84  12:31  Zergling x2  
  84  12:35  Zergling x2  
  72  12:44  Ultralisk  
  72  12:49  Ultralisk  
  72  12:50  Zergling x4  
  86  12:58  Zergling x8  
  86  12:59  Baneling x3  
  86  13:07  Extractor  
  85  13:12  Baneling  
  85  13:13  Baneling x2  
  85  13:19  Zergling x20  
Show
View Real Time Build Order
Export as new Build Order

BerryRAWR Terran - Winner!

Build Orders: 2 Factory, Gas First Reaper Expand, Hellion Opening 

Get SALT Encoding   

  12  0:01  SCV  
  13  0:13  SCV  
  14  0:24  Supply Depot  
  14  0:25  SCV  
  15  0:31  Refinery  
  15  0:46  SCV  
  15  0:49  Barracks  
  16  0:58  SCV  
  17  1:10  SCV  
  18  1:22  SCV  
  19  1:37  Orbital Command, Reaper  
  20  1:52  Command Center  
  20  2:00  Factory  
  20  2:03  SCV  
  21  2:09  Barracks Reactor  
  21  2:16  SCV  
  21  2:18  Supply Depot  
  22  2:23  Refinery  
  22  2:28  SCV  
  23  2:40  SCV  
  24  2:47  Factory  
  24  2:52  SCV  
  24  2:53  Hellion x2  
  24  2:56  Marine  
  27  3:05  Orbital Command  
  30  3:08  SCV  
  30  3:10  Supply Depot  
  31  3:18  Hellion  
  31  3:19  Hellion  
  34  3:21  SCV  
  34  3:25  Marine  
  36  3:31  SCV  
  36  3:32  Factory Tech Lab  
  37  3:35  SCV  
  37  3:38  Supply Depot  
  38  3:47  SCV  
  38  3:48  Hellion x2  
  43  3:49  SCV  
  43  3:51  Infernal Pre-Igniter  
  44  3:59  SCV  
  44  4:01  SCV, Hellion  
  48  4:11  SCV  
  48  4:12  Hellion  
  48  4:13  SCV, Hellion  
  54  4:21  Supply Depot  
  54  4:23  SCV  
  54  4:24  Hellion  
  57  4:25  SCV  
  57  4:28  Supply Depot  
  58  4:33  Hellion  
  58  4:35  Hellion  
  62  4:42  SCV x2  
  64  4:47  Command Center  
  64  4:49  Hellion  
  67  4:53  Barracks Tech Lab  
  67  4:54  Hellion  
  67  4:56  Hellion  
  70  5:04  Supply Depot  
  70  5:08  Supply Depot  
  70  5:09  SCV x2  
  70  5:12  Starport  
  68  5:21  SCV x2  
  68  5:27  Marine, Hellion x3  
  68  5:28  Stimpack  
  61  5:45  Marine  
  61  5:46  SCV x2  
  61  5:48  Hellion x2  
  61  5:49  Viking  
  66  5:54  Barracks x2  
  66  5:58  SCV  
  66  6:00  Hellion  
  66  6:03  Marine, SCV  
  71  6:07  Orbital Command  
  71  6:09  Hellion x2  
  75  6:16  SCV x2  
  71  6:20  Marine  
  71  6:22  Hellion  
  71  6:24  Starport Reactor  
  74  6:31  Hellion x2  
  74  6:32  SCV x2  
  80  6:33  Engineering Bay  
  80  6:34  Refinery  
  80  6:37  Engineering Bay  
  80  6:38  Refinery, Orbital Command, Marine  
  81  6:42  Supply Depot  
  81  6:49  Barracks Reactor  
  81  6:50  Barracks Reactor  
  81  6:51  Hellion  
  83  6:56  Marine  
  83  6:59  SCV x2  
  83  7:01  Barracks x2  
  86  7:05  Terran Infantry Weapons Level 1, Terran Infantry Armor Level 1, Medivac x2  
  90  7:09  SCV  
  90  7:11  SCV x2  
  90  7:14  Marine  
  94  7:16  Supply Depot  
  94  7:17  Hellion  
  94  7:21  Armory  
  96  7:25  SCV x3  
  99  7:31  Marine  
  99  7:32  Supply Depot, Marine  
  99  7:33  Marine  
  102  7:37  SCV x2  
  102  7:38  Marine x2  
  102  7:40  SCV  
  102  7:41  Supply Depot, Medivac  
  107  7:49  Marine x2, SCV x2  
  107  7:50  Marine  
  114  7:52  SCV  
  114  7:56  Marine x2  
  114  7:58  Supply Depot  
  117  7:59  Combat Shield, Barracks Reactor x2  
  117  8:01  SCV x2  
  117  8:04  SCV  
  118  8:07  Marine x2  
  118  8:08  Marine  
  121  8:14  Marine x2  
  119  8:23  Widow Mine x3  
  119  8:25  Marine x2  
  119  8:26  Marine  
  122  8:31  Marine x2  
  112  8:35  SCV x3  
  84  8:43  Marine x2  
  84  8:44  Marine, Hellion  
  84  8:47  SCV  
  84  8:48  SCV x2  
  84  8:49  Marine x2  
  84  8:54  Marine x2  
  85  8:57  Drilling Claws  
  85  9:00  Marine  
  85  9:01  Marine  
  85  9:02  Marine  
  82  9:07  Marine x2  
  79  9:15  Marine x4  
  79  9:16  Hellion x3, SCV x3  
  88  9:18  Marine  
  88  9:19  Marine  
  88  9:23  Marine  
  91  9:25  Marine x2  
  91  9:26  Terran Infantry Weapons Level 2, Terran Infantry Armor Level 2  
  91  9:28  SCV x2  
  95  9:34  SCV  
  96  9:40  Marine x2, SCV x2  
  100  9:46  SCV  
  102  9:52  SCV  
  102  9:53  Medivac x2  
  102  9:58  SCV  
  106  10:08  Marine x5  
  106  10:11  Supply Depot  
  106  10:13  Marine x4  
  115  10:17  Widow Mine  
  115  10:18  Widow Mine  
  115  10:21  Widow Mine  
  121  10:23  Medivac x2  
  121  10:25  Marine  
  121  10:26  Marine x3  
  129  10:34  Marine x4  
  125  10:36  SCV x3  
  125  10:39  Widow Mine  
  121  10:44  Marine  
  121  10:45  Marauder  
  121  10:48  Siege Tank, SCV  
  121  10:49  Marine x2, Widow Mine  
  130  10:51  Marine  
  130  10:53  Medivac  
  130  10:54  Marine x3, SCV  
  137  10:58  Marine  
  137  11:00  SCV x2  
  137  11:02  Marine  
  141  11:06  Marauder  
  141  11:08  Marine  
  141  11:09  Marine x2  
  146  11:12  Marine  
  124  11:20  Marine x3  
  124  11:21  Marine  
  124  11:22  Widow Mine x2  
  127  11:26  Marine x3  
  127  11:27  Marine  
  127  11:30  Marine  
  127  11:32  SCV x2  
  124  11:33  SCV  
  124  11:38  Marine x2  
  125  11:44  SCV x2  
  125  11:45  SCV  
  121  11:47  Medivac x2  
  121  11:48  Marine x5  
  121  11:50  Hellion  
  125  11:56  Marine x2, SCV  
  125  11:58  Marine  
  125  11:59  Marine  
  126  12:01  SCV  
  126  12:06  Marine  
  108  12:19  Marine x5  
  108  12:21  Marine  
  108  12:22  Marine  
  109  12:25  Marine x2  
  109  12:31  Hellion  
  109  12:36  Marine  
  109  12:37  Marine x4, Medivac  
  108  12:39  Marine x2, Medivac  
  108  12:42  Marine  
  108  12:43  Marine  
  95  12:54  Marine x3  
  95  12:55  Marine x2  
  98  13:03  Hellion x3  
  104  13:05  Marine x2  
  104  13:06  Marine  
  104  13:07  Marine  
Tags
 
Add a new tag
Caveats
  • Supply blocks, unpowered buildings, or Contaminate may cause inaccurate times.
  • Supply counts are checked every 10 seconds.